 Dungeon Crawl Stone Soup version 0.28.0-47-ge53b351184 (webtiles) character file.

Game seed: 4997589401010034256

32 Exodus22XD the Magician (level 3, -4/19 HPs)
             Began as a Deep Elf Conjurer on Apr 29, 2022.
             Slain by Terence
             ... wielding a +0 mace
              (10 damage)
             ... on level 2 of the Dungeon.
             The game lasted 00:01:48 (1331 turns).

Exodus22XD the Magician (Deep Elf Conjurer)         Turns: 1331, Time: 00:01:48

Health: -4/19      AC:  2    Str:  4    XL:     3   Next: 10%
Magic:  5/11       EV: 12    Int: 24    God:
Gold:   16         SH:  0    Dex: 13    Spells: 7/12 levels left

rFire   . . .      SeeInvis .   c - +0 dagger
rCold   . . .      Faith    .   (no shield)
rNeg    . . .      Spirit   .   a - +0 robe
rPois   .          Reflect  .   (no helmet)
rElec   .          Harm     .   (no cloak)
rCorr   .          Rampage  .   (no gloves)
Will    .....                   (no boots)
Stlth   ++........              (no amulet)
HPRegen 0.06/turn               (no ring)
MPRegen 0.12/turn               (no ring)

@: no status effects
A: no striking features
a: no special abilities


You were on level 2 of the Dungeon.
You visited 1 branch of the dungeon, and saw 2 of its levels.

You collected 16 gold pieces.

Inventory:

Hand Weapons
 c - a +0 dagger (weapon)
Armour
 a - a +0 robe (worn)
Scrolls
 b - a scroll of teleportation
 d - a scroll of vulnerability {unknown}
 g - a scroll of magic mapping {unknown}
 h - a scroll of amnesia {unknown}
Potions
 e - a potion of flight {unknown}
 f - a potion of degeneration {unknown}
 i - a potion of curing {unknown}


   Skills:
 - Level 2.4 Dodging
 - Level 2.4 Stealth
 + Level 5.0 Spellcasting
 - Level 4.3 Conjurations


You had 7 spell levels left.
You knew the following spells:

 Your Spells              Type           Power      Damage    Failure   Level
a - Magic Dart            Conj           100%       1d8       1%          1
b - Searing Ray           Conj           54%        2d6       2%          2
c - Call Imp              Summ           6%         N/A       13%         2

Your spell library contained the following spells:

 Spells                   Type           Power      Damage    Failure   Level
 Dazzling Flash           Conj/Hex       32%        N/A       11%         3
 Mephitic Cloud           Conj/Pois/Air  13%        N/A       14%         3
 Inner Flame              Hex/Fire       6%         N/A       26%         3
 Fulminant Prism          Conj/Hex       8%         3d7       34%         4
 Iskenderun's Mystic Bla  Conj/Tloc      16%        2d5       34%         4
 Cause Fear               Hex            3%         N/A       65%         4
 Discord                  Hex            3%         N/A       100%        8


Dungeon Overview and Level Annotations

Branches:
Dungeon (2/15)

Altars:

Annotations:
D:2 Terence


Message History

Aim: a kobold, wielding a +0 whip and quivering stones (asleep, 100% to hit)
The magic dart hits the kobold but does no damage.
The kobold shouts!
You hear a shout!
The kobold throws a stone.
The stone hits you but does no damage.
Sorry, you're not good enough to have a special ability.
Casting: Magic Dart (safe; 1% risk of failure)
Confirm with . or Enter, or press ? or * to list all spells.
Aiming: Magic Dart (safe; 1% risk of failure)
Press: ? - help, Shift-Dir - straight line, f/p - kobold
Aim: a kobold, wielding a +0 whip and quivering stones (100% to hit)
The magic dart hits the kobold.
You kill the kobold!
Terence the Incautious comes into view.
He is wielding a +0 mace.
Sorry, you're not good enough to have a special ability.
Casting: Magic Dart (safe; 1% risk of failure)
Confirm with . or Enter, or press ? or * to list all spells.
Aiming: Magic Dart (safe; 1% risk of failure)
Press: ? - help, Shift-Dir - straight line, f - Terence
Aim: Terence, wielding a +0 mace and wearing a +0 scale mail (100% to hit)
The magic dart hits Terence.
Terence is lightly wounded.
Terence hits you with a +0 mace.
Sorry, you're not good enough to have a special ability.
Unknown command.
Casting: Magic Dart (safe; 1% risk of failure)
Confirm with . or Enter, or press ? or * to list all spells.
Aiming: Searing Ray (safe; 2% risk of failure)
Press: ? - help, Shift-Dir - straight line, f/p - Terence
Aim: Terence, wielding a +0 mace and wearing a +0 scale mail (lightly wounded, 82% to hit)
The searing ray misses Terence. (Press . to maintain the ray.) Terence hits you but does no damage.
The searing ray hits Terence.
Terence is heavily wounded.
Terence hits you with a +0 mace!
The searing ray hits Terence.
Terence is severely wounded.
Terence hits you with a +0 mace!
Ouch! That really hurt!
You die...

##.......#. .## ..##...#
#.......... ..####.##....#
..#.......#####..#...##....#
..†...........)..... #....#
......^...# #....# #....#
..........### #..# ##....#
###..#....... #..####.....#
###....#....####@.#....#...#
................@...####...###
#..........#####.#....#......#
##†........###.....##.#......#
##.)..(.....##.#.####.#......#
#......#.....#.#.## #.#......#
...............#..# #.##.#####
.#..............#.###.##.#
.#........##..........##.#
#.........##......##..##.##


You could see Terence.

Vanquished Creatures
  2 dart slugs (D:2)
  5 ball pythons
  4 endoplasms
  3 giant cockroaches
  2 goblins (D:1)
  A hobgoblin (D:1)
  7 kobolds
  A bat (D:1)
  A frilled lizard (D:2)
  3 rats (D:1)
29 creatures vanquished.

Notes
Turn   | Place    | Note
-------+----------+-------------------------------------------
     0 | D:1      | Exodus22XD the Deep Elf Conjurer began the quest for the
                  | Orb.
     0 | D:1      | Reached XP level 1. HP: 10/10 MP: 6/6
   298 | D:1      | Reached skill level 4 in Spellcasting
   298 | D:1      | Reached XP level 2. HP: 15/15 MP: 3/9
   375 | D:1      | Learned a level 2 spell: Searing Ray
   378 | D:1      | Learned a level 2 spell: Call Imp
   708 | D:1      | Found a faded altar of an unknown god.
  1095 | D:2      | Reached XP level 3. HP: 19/19 MP: 7/11
  1261 | D:2      | Reached skill level 5 in Spellcasting
  1324 | D:2      | Noticed Terence
  1331 | D:2      | Slain by Terence

Illustrated notes

Levels and vault maps discovered:
D:1:      dpeg_arrival_yet_another_circle, layout_basic, basic_ecumenical_altar
D:2:      layout_rooms, uniq_terence

Skill      XL: |  1  2  3 |
---------------+----------+-----
Spellcasting   | 4 5 |  5.0
Dodging        | |  2.4
Stealth        | |  2.4
Conjurations   | |  4.3

Action                   || total
-------------------------++-------
 Cast: Magic Dart        ||    51
       Searing Ray       ||     1
  Use: Scroll            ||     1
Armor: Robe              ||     2
Dodge: Dodged            ||     1
